 Dungeon Crawl Stone Soup version 0.27.1-34-g3ba077fa99 (webtiles) character file.

Game seed: 4380970343183962636

2 cbfl8 the Sneak (level 1, -4/19 HPs)
             Began as a Minotaur Delver on Jan 27, 2022.
             Slain by a bullfrog (6 damage)
             ... on level 5 of the Dungeon.
             The game lasted 00:00:19 (76 turns).

cbfl8 the Sneak (Minotaur Delver)                     Turns: 76, Time: 00:00:20

Health: -4/19      AC:  3    Str: 16    XL:     1   Next: 25%
Magic:  0/0        EV: 11    Int:  7    God:
Gold:   0          SH:  0    Dex: 11    Spells: 0/0 levels left

rFire    . . .     SeeInvis .   a - +0 hand axe
rCold    . . .     Faith    .   (no shield)
rNeg     . . .     Spirit   .   b - +0 leather armour
rPois    .         Reflect  .   (helmet restricted)
rElec    .         Harm     .   (no cloak)
rCorr    .         Rampage  .   (no gloves)
Will     .....                  (no boots)
Stlth    ++........             (no amulet)
HPRegen  0.06/turn              (no ring)
MPRegen  0.07/turn              (no ring)

@: hasted, very quick
A: horns 2, retaliatory headbutt
a: no special abilities


You were on level 5 of the Dungeon.
You visited 1 branch of the dungeon, and saw 1 of its levels.

Inventory:

Hand Weapons
 a - a +0 hand axe (weapon)
Armour
 b - a +0 leather armour (worn)
Wands
 g - a wand of digging (3)
Scrolls
 c - a scroll of fog
 d - a scroll of magic mapping
 e - a scroll of fear
 i - a scroll of identify {unknown}
Potions
 h - a potion of heal wounds {unknown}


   Skills:
 + Level 3.6 Fighting
 + Level 2.4 Axes
 + Level 2.1 Dodging
 + Level 4.2 Stealth


You couldn't memorise any spells.
You didn't know any spells.
Your spell library was empty.

Dungeon Overview and Level Annotations

Branches:
Dungeon (5/15)
 Temple: D:4-7

Altars:
Nemelex Xobeh

Annotations:
D:5 Blork the orc


Innate Abilities, Weirdness & Mutations

You have a pair of horns on your head.
You reflexively headbutt those who attack you in melee.


Message History

Blork the orc shouts!
You hit the orc but do no damage.
Blork the orc screams, "I don't like you!"
The orc hits you with a +0 club.
You barely miss the orc. The orc closely misses you.
You hit the orc.
The orc is heavily wounded.
You hit the gnoll but do no damage. The orc misses you.
You furiously retaliate!
You headbutt the orc, but do no damage. The gnoll barely misses you.
You hit the orc.
You kill the orc!
You barely miss the gnoll. The gnoll barely misses you.
You furiously retaliate!
You headbutt the gnoll!
Blork the orc screams, "I'll crush all your ribs!
One by one!"
Blork the orc hits you with a +0 war axe.
Things that are here:
a +0 club; a +0 scale mail; an orc corpse You feel yourself speed up.
Blork the orc closely misses you. The gnoll closely misses you.
An ogre comes into view. It is wielding a +0 giant spiked club.
Blork the orc closely misses you.
The ogre moves out of view.
Blork the orc miscasts a cantrip.
A dart slug comes into view.
The ogre shouts!
Found 7 gold pieces.
The dart slug launches a dart at you. The slug dart misses you.
Blork the orc gestures at you while chanting.
The puff of flame hits you!
Ouch! That really hurt!
* * * LOW HITPOINT WARNING * * *
The ogre barely misses you. You furiously retaliate!
You headbutt the ogre!
Found a stone staircase leading up.
The bullfrog croaks.
There is a sparkling altar of Nemelex Xobeh here.
The bullfrog hits you.
* * * LOW HITPOINT WARNING * * *
The bullfrog hits you.
You die...

#..#......##...........#... ##
###.)#......Z............#...
.#.##.....................##.#...
.....#.......#............#......
.....##......#.......##...##.....
#........#..........##. #.....
#......###............. ......
.#.......o#............. ......
$....w....O.g._.@.<.....
.#........#.#..F##......
#.......##.............
..........#.............
####.#...##....#........
###........##........ ........<#
...... # #.......... ...#..


You could see Blork the orc, an ogre, a bullfrog, a gnoll and a hound zombie
(wandering).

Vanquished Creatures
  An orc (D:5)
1 creature vanquished.

Notes
Turn   | Place    | Note
-------+----------+-------------------------------------------
     0 | D:5      | cbfl8 the Minotaur Delver began the quest for the Orb.
     0 | D:5      | Reached XP level 1. HP: 19/19 MP: 0/0
    42 | D:5      | Noticed a bullfrog
    44 | D:5      | Found a sparkling altar of Nemelex Xobeh.
    50 | D:5      | Noticed Blork the orc
    60 | D:5      | Noticed an ogre
    76 | D:5      | Slain by a bullfrog

Illustrated notes

Levels and vault maps discovered:
D:5:      layout_cave_pools, hangedman_feature_mirror, eino_tiny_chamber,
          kennysheep_another_room, minmay_chambers_of_fives, uniq_blork_the_orc,
          uniq_grinder

Action                   || total
-------------------------++-------
Melee: Hand axe          ||     4
  Use: Potion            ||     1
Dodge: Dodged            ||     9
